AoeStats
← tonytctang

Fortress

508603559Analyzed
4v4 RM · 8d ago on Sep 23, 2026· 36m 23s· 8 players
Game mode
Random Map
Map size
Huge
Population
200
Speed
Normal
Resources
Standard
Victory
Conquest
Starting age
Dark Age
Ending age
Imperial Age
RankedLock teamsTeams togetherTeam positionsShared explorationLock speedFull tech treeHidden civsTurbo modeCheats
Victory
Defeat
🇭🇰 Huns · Hong Kong SAR China
1194
+14
🇭🇰 Britons · Hong Kong SAR China
1189
+15
🇦🇺 Italians · Australia
1156
+16
🇭🇰 Poles · Hong Kong SAR China
1139
+16
1170
-16
🇨🇳 Mapuche · China
1158
-15
🇹🇷 Teutons · Türkiye
1154
-15
🇨🇳 Mongols · China
1145
-15
FALCON
7:06 Feudal Age
8:26 Horse Collar
8:34 Double-Bit Axe
13:01 Castle Age
11:21 Fletching
13:17 Elite Skirmisher
16:25 Bodkin Arrow
17:23 Wheelbarrow
27:57 Imperial Age
27:42 Pikeman
28:22 Squires
28:32 Scale Mail Armor
28:43 Forging
30:05 Halberdier
32:52 Masonry
33:57 Chemistry
36:15 Conscription
Perdoname por ser Noob
0:48 Loom
6:00 Loom
8:14 Feudal Age
12:36 Castle Age
10:44 Double-Bit Axe
10:51 Horse Collar
11:25 Gold Mining
15:06 Bow Saw
20:42 Loom
22:22 Wheelbarrow
21:44 Fletching
23:40 Heavy Plow
23:41 Stone Mining
27:43 Imperial Age
25:39 Forging
25:35 Scale Barding Armor
25:50 Bodkin Arrow
25:55 Padded Archer Armor
26:37 Bloodlines
26:29 Husbandry
27:44 Chain Barding Armor
29:35 Iron Casting
29:46 Cavalier
31:07 Bodkin Arrow
31:55 Bracer
32:11 Leather Archer Armor
33:13 Chemistry
32:50 Capped Ram
35:22 Light Cavalry
wtcl
1:42 Loom
8:03 Feudal Age
9:11 Double-Bit Axe
9:40 Horse Collar
12:03 Castle Age
13:01 Bow Saw
18:16 Wheelbarrow
19:00 Heavy Plow
19:49 Gold Mining
20:37 Loom
21:08 Hand Cart
20:59 Fletching
21:43 Bodkin Arrow
22:46 Gold Shaft Mining
26:51 Imperial Age
24:35 Malon
24:43 Stone Mining
25:15 Ballistics
25:07 Padded Archer Armor
26:22 Treadmill Crane
26:58 Elite Bolas Rider
28:46 Chemistry
27:55 Butalmapu
28:10 Conscription
30:55 Leather Archer Armor
32:49 Forging
33:09 Ring Archer Armor
32:36 Elite Kona
34:46 Iron Casting
34:51 Stone Shaft Mining
34:47 Crop Rotation
小离爱吃糖
7:26 Feudal Age
8:19 Double-Bit Axe
9:12 Horse Collar
10:24 Loom
13:11 Castle Age
11:35 Stone Mining
11:45 Gold Mining
14:20 Bow Saw
14:32 Fletching
16:21 Heavy Plow
19:57 Wheelbarrow
21:14 Forging
26:33 Imperial Age
25:39 Thumb Ring
26:12 Hand Cart
26:47 Bodkin Arrow
27:38 Bracer
27:59 Elite Skirmisher
30:12 Padded Archer Armor
30:45 Ballistics
33:01 Leather Archer Armor
34:15 Scale Barding Armor
36:16 Bloodlines
imkl
2:14 Loom
8:20 Feudal Age
12:19 Castle Age
10:03 Horse Collar
10:30 Double-Bit Axe
13:43 Heavy Plow
15:13 Bow Saw
19:01 Wheelbarrow
22:05 Stone Mining
22:06 Gold Mining
23:06 Hand Cart
23:28 Stone Shaft Mining
27:36 Imperial Age
26:57 Forging
26:47 Scale Mail Armor
26:53 Scale Barding Armor
28:51 Iron Casting
28:06 Fletching
29:14 Conscription
28:14 Elite Obuch
29:15 Chain Mail Armor
29:37 Light Cavalry
30:27 Bloodlines
30:17 Husbandry
31:33 Winged Hussar
33:14 Blast Furnace
32:45 Plate Mail Armor
32:35 Chain Barding Armor
32:11 Bodkin Arrow
tonytctang
7:51 Feudal Age
6:09 Loom
8:31 Double-Bit Axe
8:28 Horse Collar
12:07 Gold Mining
14:55 Castle Age
13:35 Scale Barding Armor
14:43 Bloodlines
15:59 Bow Saw
15:52 Heavy Plow
17:01 Forging
20:30 Stone Mining
22:38 Gold Shaft Mining
23:51 Iron Casting
23:36 Chain Barding Armor
25:25 Wheelbarrow
24:35 Town Watch
25:37 Husbandry
28:11 Hand Cart
30:27 Imperial Age
31:34 Conscription
31:17 Marauders
30:38 Elite Tarkan
32:21 Blast Furnace
32:38 Plate Barding Armor
33:51 Light Cavalry
35:29 Town Patrol
kit7292001
9:06 Feudal Age
7:22 Loom
9:50 Double-Bit Axe
9:48 Horse Collar
10:05 Gold Mining
15:25 Castle Age
13:53 Fletching
14:07 Padded Archer Armor
15:31 Wheelbarrow
18:07 Bow Saw
21:02 Bodkin Arrow
22:56 Hand Cart
28:11 Squires
32:26 Imperial Age
30:40 Leather Archer Armor
30:27 Scale Mail Armor
31:21 Gold Shaft Mining
31:54 Pikeman
32:49 Forging
33:45 Yeomen
33:29 Bracer
33:30 Elite Longbowman
Jimi
6:36 Loom
8:24 Feudal Age
12:29 Castle Age
10:21 Double-Bit Axe
10:29 Horse Collar
13:22 Gold Mining
15:14 Wheelbarrow
15:00 Loom
19:40 Imperial Age
17:41 Fletching
18:27 Bow Saw
18:55 Bodkin Arrow
19:39 Ballistics
19:32 Padded Archer Armor
21:57 Chemistry
22:27 Conscription
23:22 Loom
23:47 Stone Mining
24:53 Bracer
Connection lost

Rejoining the realm…

Still unreachable

The connection could not be restored.

Session expired

The server has moved on; the page needs a fresh start.